 Dungeon Crawl Stone Soup version 0.17-a0-737-gf0a300a (webtiles) character file.

156 Ololoev the Bolt Thrower (level 5, -2/32 HPs)
             Began as a Kobold Arcane Marksman on Apr 21, 2015.
             Was an Initiate of Okawaru.
             Killed by nerve-wracking pain
             ... invoked by Grinder
              (13 damage)
             ... on level 3 of the Dungeon.
             The game lasted 00:10:01 (3728 turns).

Ololoev the Bolt Thrower (Kobold Arcane Marksman)   Turns: 3728, Time: 00:10:01

Health: -2/32      AC:  7    Str: 10    XL:     5   Next: 65%
Magic:  6/7        EV: 15    Int: 11    God:    Okawaru [......]
Gold:   87         SH:  0    Dex: 16    Spells: 2 memorised, 1 level left

rFire  . . .     SeeInvis .     a - +3 short sword (protect)
rCold  . . .     Clarity  .     h - +0 robe
rNeg   . . .     SustAb   .     (shield restricted)
rPois  +         Gourm    .     (no helmet)
rElec  .         Spirit   .     (no cloak)
rCorr  .         Warding  .     (no gloves)
rMut   .         Stasis   .     (no boots)
MR     .....                    (no amulet)
Stlth  +.........               (no ring)
                                s - ring of poison resistance

@: not resistant to hostile enchantments, very unstealthy
A: carnivore 3
a: Renounce Religion


Innate Abilities, Weirdness & Mutations

You are small and have problems with some larger weapons.
You are carnivorous and can eat meat at any time.

Inventory:

Hand weapons
 a - a +3 short sword of protection (weapon)
 b - a +0 hand crossbow
Missiles
 c - 21 bolts
Armour
 h - a +0 robe (worn)
Jewellery
 s - a ring of poison resistance (left hand)
Magical devices
 o - a wand of polymorph (11)
Scrolls
 g - 2 scrolls of enchant weapon {unknown}
 j - 3 scrolls of blinking {unknown}
 k - 3 scrolls of identify
 l - a scroll of recharging {unknown}
 n - a scroll of remove curse {unknown}
 p - 2 scrolls of noise {unknown}
 r - a scroll of enchant armour {unknown}
 u - a scroll of fear {unknown}
Potions
 d - a potion of mutation {unknown}
 f - 2 potions of curing
 i - 2 potions of heal wounds {unknown}
 m - a potion of agility {unknown}
 t - 2 potions of restore abilities {unknown}
Comestibles
 e - 4 meat rations
 q - 2 beef jerkies


   Skills:
 + Level 2.8 Fighting
 * Level 3.6 Short Blades
 + Level 4.0 Crossbows
 - Level 2.4 Dodging
 - Level 1.4 Spellcasting
 - Level 3.1 Hexes


You had one spell level left.
You knew the following spells:

 Your Spells              Type           Power        Failure   Level  Hunger
b - Slow                  Hex            #.......     14%         2    ###....
c - Inner Flame           Hex/Fire       #.......     61%         3    ####...


You were on level 3 of the Dungeon.
You worshipped Okawaru.
Okawaru was noncommittal.
You were very full.

You visited 1 branch of the dungeon, and saw 3 of its levels.

You collected 87 gold pieces.

#.####.#####..
#.............
#.............
#............#
#............#
#.####.#######
#.............
##########....#####
#.@...........#
#5########....# #(#
#)...#### #.#
#.......# #.....#
#####.......#
#.....#
#...........#
#.....#
#<.......####
#..(..# #......###
#.....####......#

Notes
Turn   | Place    | Note
--------------------------------------------------------------
     0 | D:1      | Ololoev, the Kobold Arcane Marksman, began the quest for the Orb.
     0 | D:1      | Reached XP level 1. HP: 12/12 MP: 2/2
   397 | D:1      | Reached XP level 2. HP: 16/16 MP: 4/4
   458 | D:1      | Learned a level 2 spell: Slow
   699 | D:1      | Found a sparkling altar of Nemelex Xobeh.
  1378 | D:2      | Reached XP level 3. HP: 17/20 MP: 5/5
  1466 | D:2      | Reached skill level 1 in Short Blades
  1858 | D:2      | Reached XP level 4. HP: 17/26 MP: 4/6
  2106 | D:2      | Found an iron altar of Okawaru.
  2130 | D:2      | Became a worshipper of Warmaster Okawaru
  3058 | D:2      | Reached XP level 5. HP: 26/31 MP: 7/7
  3179 | D:2      | Learned a level 3 spell: Inner Flame
  3537 | D:3      | Noticed Terence
  3544 | D:3      | Killed Terence
  3544 | D:3      | Reached skill level 4 in Crossbows
  3683 | D:3      | Found a stormy altar of Qazlal.
  3710 | D:3      | Noticed Grinder
  3728 | D:3      | Killed from afar by Grinder

Dungeon Overview and Level Annotations

Branches:
Dungeon (3/15)

Altars:
Nemelex Xobeh
Okawaru
Qazlal

Annotations:
D:3 Grinder


Message History

Firing (i - inventory):
c - 25 bolts (quivered)
Press: ? - help, Shift-Dir - straight line, f/p - Grinder
Aim: Grinder (lightly wounded)
You shoot a bolt. The bolt closely misses Grinder.
Grinder gestures at you. Pain shoots through your body!
Firing (i - inventory):
c - 24 bolts (quivered)
Press: ? - help, Shift-Dir - straight line, f/p - Grinder
Aim: Grinder (lightly wounded)
You shoot a bolt. The bolt hits Grinder.
Grinder is moderately wounded.
Grinder gestures at you. You resist with significant effort.
Firing (i - inventory):
c - 23 bolts (quivered)
Press: ? - help, Shift-Dir - straight line, f/p - Grinder
Aim: Grinder (moderately wounded)
You shoot a bolt. The bolt hits Grinder.
Grinder is moderately wounded.
Firing (i - inventory):
c - 22 bolts (quivered)
Press: ? - help, Shift-Dir - straight line, f/p - Grinder
Aim: Grinder (moderately wounded)
You shoot a bolt. The bolt hits Grinder.
Grinder is moderately wounded.
Grinder closely misses you. Grinder hits you!
You writhe in agony.
Read which item? (? for menu, Esc to quit)
As you read the scroll labeled WIC LYUXUL, it crumbles to dust.
It is a scroll of identify.
Identify which item? (\ to view known items) (? for menu, Esc to quit)
f - 3 potions of curing Grinder gestures at you.
You barely resist.
Drink which item? (? for menu, Esc to quit)
You feel better. Grinder barely misses you.
You feel protected!
a - a +3 short sword of protection (weapon)
You hit Grinder.
Grinder is heavily wounded.
Grinder gestures at you. Pain shoots through your body!
You die...

You could see Grinder.

Vanquished Creatures
  Terence (D:3)
  A gnoll (D:2)
  6 adders
  An ooze (D:2)
  4 worms
  A giant gecko (D:2)
  3 ball pythons
  3 bats
  4 giant cockroaches
  3 hobgoblins
  3 quokkas
  2 giant newts
  6 goblins
  9 kobolds
  10 rats
57 creatures vanquished.

Action                   |  1- 3 |  4- 6 || total
-------------------------+-------+-------++-------
Melee: Unarmed           |    21 |       ||    21
       Short sword       |    75 |    83 ||   158
 Fire: Hand crossbow     |    25 |    37 ||    62
 Cast: Slow              |     2 |    14 ||    16
  Use: Scroll            |       |     1 ||     1
       Potion            |       |     1 ||     1
  Eat: Chunk             |    11 |     7 ||    18

Vault maps used:
D:1:      minmay_arrival_widening_spiral_wide, nemelex_deck
D:2:      kennysheep_big_flooded_room, lemuel_doored_altar,
          minmay_item_behind_shaft
D:3:      nicolae_qazlal_eye_of_the_storm, uniq_terence, uniq_grinder
